TAIKONOSCUM, neutral female scurrid Tourist # @ M ####+ # ### ## # ... ..^. .... --- TAIKONOSCUM the Sightseer Experience level: 4 Strength: 12 Dexterity: 13 Constitution: 12 Intelligence: 14 Wisdom: 8 Charisma: 16 Health: 0(25) Energy: 11(11) Def: 2 Gold: 658 Moves: 1020 Dungeon seed: Ubb76Ef574J3b7y3 Game ID: TAIKONOSCUM_1498719922 Your Inventory: Coins $ - 658 gold pieces Weapons a - 32 uncursed +2 darts (in quiver) Armor e - an uncursed +0 Hawaiian shirt (being worn) n - an uncursed +0 pair of iron shoes (being worn) Comestibles b - an uncursed candy bar c - 6 uncursed food rations d - an uncursed cream pie f - 2 uncursed eggs g - an uncursed tin of lichen K - an uncursed tripe ration Scrolls i - 3 uncursed scrolls of magic mapping Wands l - an uncursed wand of secret door detection (0:15) Tools j - an uncursed expensive camera (0:66) k - an uncursed credit card m - an uncursed towel q - an uncursed mirror Spells and supernatural/magical abilities: Name Level Category Fail Memory W - pray for help -- divine ? -- Your skills at the end: Miscellaneous Skills wands [Basic] Weapon Skills dart [Basic] Spellcasting Skills Final Attributes: You were fervently aligned. You had infravision. You were very stealthy. You are dead. Vanquished creatures: a small mimic 2 dwarves a giant rat 4 gnomes a fox 9 creatures vanquished. Voluntary challenges: You followed a strict vegan diet. You did not adorn yourself with jewelry or accessories. You did not cause conflict. You were not invisible. You did not have reflection. You were not displaced. You never hit with a wielded weapon. You did not use containers. You did not apply a unicorn horn. You did not use sinks. You read items or engraved 2 times, starting on turn 378. You never genocided any monsters. You never polymorphed an object. You never changed form. You used no wishes. You never split a pudding. You never wrote Elbereth's name. You violated your moral code, losing 3 points of alignment, starting on turn 419. Dungeon overview: The Dungeons of Doom: levels 1 to 21 Level 1 a long staircase Level 2 Level 3 a fountain stairs to The Gnomish Mines Level 4 Level 5 Level 6 Level 7 Level 8 Level 9 Level 10 Level 11 Level 12 Level 13 Level 14 Level 15 Level 16 Level 17 Level 18 an altar to Blind Io Level 19 Level 20 Level 21 <- You were here The Gnomish Mines: levels 4 to 6 Level 4 stairs to The Dungeons of Doom Level 5 Level 6 some shops, a temple to The Lady, some fountains History has recorded: On T:1 you entered the Dungeons of Doom to retrieve the Amulet of Yendor! On T:38 you reached level 2 of The Dungeons of Doom. On T:256 you reached level 3 of The Dungeons of Doom. On T:318 you reached level 1 of The Gnomish Mines. On T:322 you reached level 2 of The Gnomish Mines. On T:324 you reached level 3 of The Gnomish Mines. On T:452 you advanced to experience level 2. On T:508 you advanced to experience level 3. On T:563 you entered the Minetown temple On T:709 you advanced to experience level 4. On T:772 you reached level 4 of The Dungeons of Doom. On T:789 you reached level 5 of The Dungeons of Doom. On T:791 you reached level 6 of The Dungeons of Doom. On T:793 you reached level 7 of The Dungeons of Doom. On T:796 you reached level 8 of The Dungeons of Doom. On T:799 you reached level 9 of The Dungeons of Doom. On T:801 you reached level 10 of The Dungeons of Doom. On T:803 you reached level 11 of The Dungeons of Doom. On T:809 you reached level 12 of The Dungeons of Doom. On T:811 you reached level 13 of The Dungeons of Doom. On T:814 you reached level 14 of The Dungeons of Doom. On T:816 you reached level 15 of The Dungeons of Doom. On T:816 you entered the Rogue tribute level. On T:817 you prayed to The Lady. On T:826 you reached level 16 of The Dungeons of Doom. On T:863 you reached level 17 of The Dungeons of Doom. On T:865 you reached level 18 of The Dungeons of Doom. On T:868 you reached level 19 of The Dungeons of Doom. On T:870 you reached level 20 of The Dungeons of Doom. On T:874 you reached level 21 of The Dungeons of Doom. Score breakdown: Gold: 261 ( 26 points) Experience: 4 levels ( 300 points) Exploration: 21 levels ( 600 points) Discoveries: 6 items ( 300 points) Variety of kills: 5 monsters ( 250 points) Major goal: reached Minetown ( 500 points) Survival: died (score multiplied by 3) Total score: 5928 Latest messages: You dig a hole through the floor. You fall through... You start chewing a hole in the rock. You continue digging. You chew a passage through the rock. You finish searching. You start chewing a hole in the rock. You continue digging. You succeed in cutting away some rock. You stop searching. You start chewing a hole in the rock. You continue digging. You succeed in cutting away some rock. The giant mummy scratches you! (2x) You start chewing a hole in the rock. You continue digging. You succeed in cutting away some rock. You start chewing a hole in the rock. You continue digging. You succeed in cutting away some rock. The giant mummy scratches you! (2x) You die... Final status: Aloha TAIKONOSCUM the Tourist, killed by a giant mummy... You died in The Dungeons of Doom on dungeon level 21 with 5928 points, and 658 pieces of gold, after 1020 moves. You were level 4 with a maximum of 25 hit points when you died.